 Dungeon Crawl Stone Soup version 0.29.1-12-g30fa7ad0bf (webtiles) character file.

Game seed: 8948817992800916727

1733 FexLirch the Zephyrmancer (level 9, -1/45 HPs)
             Began as a Tengu Air Elementalist on Dec 15, 2022.
             Was an Initiate of Gozag.
             Shot with a bolt by an orc (3 damage)
             ... in a bailey.
             The game lasted 00:37:17 (8043 turns).

FexLirch the Zephyrmancer (Tengu Air Elementalist)  Turns: 8043, Time: 00:37:17

Health: -1/45      AC:  5    Str: 10    XL:     9   Next: 5%
Magic:  6/17       EV: 14    Int: 19    God:    Gozag
Gold:   257        SH:  0    Dex: 20    Spells: 3/17 levels left

rFire   + + +      SeeInvis .   h - +4 hand axe (flame)
rCold   . . .      Faith    .   (no shield)
rNeg    . . .      Spirit   .   g - +0 leather armour
rPois   +          Reflect  .   (helmet restricted)
rElec   .          Harm     .   f - +1 cloak
rCorr   +          Rampage  .   (no gloves)
Will    .....                   (boots unavailable)
Stlth   ++........              l - amulet of Gunuchec {Acrobat Fragile Fly rPois rF+++}
HPRegen 0.15/turn               v - ring of resist corrosion
MPRegen 0.15/turn               I - +6 ring of dexterity

@: gold aura, flying quickly and evasively, very slightly contaminated, quick
A: beak, talons 3, nimble flight
a: Renounce Religion, Potion Petition, Call Merchant, Bribe Branch


You were in a bailey.
You worshipped Gozag.
Gozag was aware of your devotion.
You visited 2 branches of the dungeon, and saw 8 of its levels.
You also visited: Bailey.

You collected 402 gold pieces.
You paid 145 gold pieces to Gozag.

Inventory:

Hand Weapons
 h - a +4 hand axe of flaming (weapon)
 G - a +2 mace of holy wrath
 J - a +1 dagger of venom
 M - a +0 shortbow
 N - a +1 vampiric spear
Armour
 a - a +0 robe
 f - a +1 cloak (worn)
 g - a +0 leather armour (worn)
Jewellery
 l - the amulet of Gunuchec (around neck) {Acrobat Fragile Fly rPois rF+++}
   (You acquired it on level 3 of the Dungeon)

   [amulet of the acrobat]

   It increases your evasion while moving and waiting.
   rF:        It renders you almost immune to fire.
   rPois:     It protects you from poison.
   Fly:       It grants you flight.
   Fragile:   It will be destroyed if unequipped.
 v - a ring of resist corrosion (left hand)
 I - a +6 ring of dexterity (right hand)
Wands
 r - a wand of roots (11)
 w - a wand of flame (20)
 K - a wand of digging (5)
Scrolls
 e - a scroll of teleportation
 i - 2 scrolls of vulnerability
 j - a scroll of blinking {unknown}
 k - a scroll of magic mapping
 o - a scroll of enchant armour
 q - 2 scrolls of noise {unknown}
 t - 3 scrolls of fear {unknown}
 u - a scroll of enchant weapon {unknown}
 x - a scroll of poison {unknown}
 y - 2 scrolls of silence {unknown}
 D - a scroll of fog
 L - a scroll of amnesia {unknown}
Potions
 b - a potion of magic
 c - 2 potions of resistance {unknown}
 d - a potion of flight {unknown}
 m - a potion of lignification
 n - 2 potions of mutation
 p - 2 potions of haste
 s - a potion of degeneration {unknown}
 z - 3 potions of curing
 A - a potion of berserk rage
 B - 2 potions of attraction {unknown}
 C - a potion of heal wounds {unknown}
 E - a potion of invisibility {unknown}
 F - a potion of brilliance {unknown}
 H - 2 potions of might {unknown}


   Skills:
 - Level 2.1 Dodging
 - Level 2.0 Stealth
 - Level 4.7 Spellcasting
 - Level 9.2 Conjurations
 + Level 2.4 Summonings
 - Level 10.0 Air Magic


You had 3 spell levels left.
You knew the following spells:

 Your Spells              Type           Power      Damage    Failure   Level
a - Shock                 Conj/Air       100%       1d9       1%          1
b - Static Discharge      Conj/Air       41%        3-9/arc   1%          2
c - Swiftness             Air            42%        N/A       1%          3
d - Airstrike             Air            21%        2d(3-19)  2%          4
e - Summon Lightning Spi  Summ/Air       28%        N/A       13%         4

Your spell library contained the following spells:

 Spells                   Type           Power      Damage    Failure   Level
 Foxfire                  Conj/Fire      88%        2x1d8     2%          1
 Conjure Flame            Conj/Fire      22%        6-21      8%          3
 Frozen Ramparts          Ice            8%         1d2       45%         3
 Inner Flame              Hex/Fire       4%         N/A       45%         3
 Lightning Bolt           Conj/Air       20%        1d35      9%          5
 Flame Wave               Conj/Fire      22%        2d8       26%         4
 Fireball                 Conj/Fire      11%        3d7       58%         5
 Summon Ice Beast         Ice/Summ       9%         N/A       71%         4
 Cause Fear               Hex            2%         N/A       86%         4
 Ice Form                 Ice/Tmut       4%         N/A       86%         4
 Starburst                Conj/Fire      11%        6d5       99%         6
 Dragon Form              Tmut           2%         N/A       100%        7
 Ignition                 Fire           2%         3d3       100%        8
 Dragon's Call            Summ           6%         N/A       100%        9


Dungeon Overview and Level Annotations

Branches:
Dungeon (7/15)             Temple (1/1) D:7          Bailey (1/1)

Altars:
Ashenzari
Cheibriados
Dithmenos
Fedhas
Gozag
Hepliaklqana
Kikubaaqudgha
Makhleb
Okawaru
Qazlal
Ru
Sif Muna
Trog
Uskayaw
Vehumet
Wu Jian
Xom
Zin
The Shining One

Annotations:
D:4 exclusion: phantom
D:5 1 exclusion, Edmund


Innate Abilities, Weirdness & Mutations

You have a beak for a mouth.
You have claws for feet.
Your magical nature lets you fly swiftly and evasively.


Message History

The orc warrior is lightly wounded.
The lightning grounds out.
The orc warrior shoots a bolt.
The bolt hits you!
Unknown command.
The orc warrior unwields a +0 arbalest.
The orc warrior completely misses you.
Things that are here:
7 gold pieces; a +0 arbalest; a +0 ring mail
Casting: Static Discharge (safe; 1% risk of failure)
Confirm with . or Enter, or press ? or * to list all spells.
The orc warrior is struck by an arc of lightning.
The orc warrior is moderately wounded.
You are struck by an arc of lightning.
The orc warrior is struck by an arc of lightning!
The orc warrior is heavily wounded.
The lightning grounds out.
The orc warrior hits you.
Unknown command.
Casting: Static Discharge (safe; 1% risk of failure)
Confirm with . or Enter, or press ? or * to list all spells.
The orc warrior is struck by an arc of lightning.
The orc warrior is severely wounded.
You are struck by an arc of lightning.
* * * LOW HITPOINT WARNING * * *
The orc warrior is struck by an arc of lightning!
The orc warrior is almost dead.
The lightning grounds out.
The orc warrior hits you!
* * * LOW HITPOINT WARNING * * *
Unknown command.
Okay, then.
Unknown command.
Casting: Static Discharge (safe; 1% risk of failure)
Confirm with . or Enter, or press ? or * to list all spells.
The orc warrior is struck by an arc of lightning!
You kill the orc warrior!
You hear a splash. x2
You are struck by an arc of lightning.
* * * LOW HITPOINT WARNING * * *
The orc shouts!
An orc comes into view. It is wielding a +0 arbalest.
The orc shoots a bolt.
The bolt hits you.
You die...
Your body crumbles into a pile of gold.

#.∩.................
#...................
#...................
#.....~≈≈≈≈≈)~~~~~~~
#.....≈≈###≈≈~~~~~~~
#.....≈##)##≈~~~~~~~
#.....≈#)...~~~~~~~~
#.....≈##.∩#≈~~~~~~~
#.....≈≈#@##≈~~~~~~#
#.....~≈≈$≈≈≈~~~####
#.....~~~~~~~~~##
#.....~o~~~~~~##
#.....~~~~~~~~#
#.....~~~~~~~##
#.....~~~~~~~#
#.....~oo~~~~#
#.....~~~~~~~#


You could see 3 orcs.

Vanquished Creatures
  A water moccasin (D:7)
  A sky beast (D:7)
  2 orc warriors (Bailey)
  An ogre (D:5)
  2 centaurs
  2 kobold brigands
  Blork the orc (D:5)
  A necrophage (D:7)
  3 bullfrogs
  2 scorpions
  A howler monkey (D:6)
  A jelly (D:4)
  3 orc priests
  6 hounds
  4 iguanas
  2 orc wizards
  An adder (D:6)
  3 gnolls (D:5)
  2 white imps
  2 worms
  A dart slug (D:3)
  17 orcs
  8 ball pythons
  9 bats
  5 endoplasms
  2 giant cockroaches
  4 goblins
  6 hobgoblins
  11 jackals
  4 quokkas
  4 frilled lizards
  10 kobolds
  10 rats
132 creatures vanquished.

Vanquished Creatures (collateral kills)
  An orc (Bailey)
1 creature vanquished.

Vanquished Creatures (others)
  45 plants (D:7)
45 creatures vanquished.

Grand Total: 178 creatures vanquished

Notes
Turn   | Place    | Note
-------+----------+-------------------------------------------
     0 | D:1      | FexLirch the Tengu Air Elementalist began the quest for the
                  | Orb.
     0 | D:1      | Reached XP level 1. HP: 10/10 MP: 4/4
   293 | D:1      | Reached XP level 2. HP: 15/15 MP: 1/6
   869 | D:1      | Found a faded altar of an unknown god.
  1398 | D:2      | Reached XP level 3. HP: 19/19 MP: 5/7
  1500 | D:2      | Learned a level 2 spell: Static Discharge
  1504 | D:2      | Learned a level 3 spell: Swiftness
  1731 | D:2      | Reached skill level 5 in Air Magic
  2489 | D:3      | Reached XP level 4. HP: 24/24 MP: 4/8
  2574 | D:3      | Identified a scroll of acquirement
  2575 | D:3      | Acquired the amulet of Gunuchec {Acrobat Fragile Fly rPois
                  | rF+++}
  3080 | D:4      | Gained mutation: Your magical nature lets you fly swiftly
                  | and evasively. [Tengu growth]
  3080 | D:4      | Reached XP level 5. HP: 9/28 MP: 2/9
  3309 | D:4      | Reached skill level 6 in Air Magic
  3628 | D:5      | Entered Level 5 of the Dungeon
  3655 | D:4      | Noticed a phantom
  3837 | D:4      | Reached skill level 5 in Conjurations
  4221 | D:4      | Reached XP level 6. HP: 14/32 MP: 4/10
  4491 | D:5      | Reached skill level 7 in Air Magic
  4919 | D:4      | Reached XP level 7. HP: 26/36 MP: 6/11
  4957 | D:4      | Learned a level 4 spell: Airstrike
  5471 | D:5      | Reached skill level 8 in Air Magic
  5547 | D:5      | Noticed Blork the orc
  5564 | D:5      | Killed Blork the orc
  5720 | D:5      | Noticed Edmund
  6475 | D:6      | Reached XP level 8. HP: 23/41 MP: 5/13
  6803 | D:6      | Reached skill level 9 in Air Magic
  7189 | D:7      | Noticed a manticore
  7298 | D:7      | Found a glowing golden altar of the Shining One.
  7406 | D:7      | HP: 1/41 [/static electricity (4)]
  7407 | D:7      | Reached skill level 10 in Air Magic
  7504 | D:7      | Found a staircase to the Ecumenical Temple.
  7510 | Temple   | Entered the Ecumenical Temple
  7656 | Temple   | Became a worshipper of Gozag Ym Sagoz the Greedy
  7685 | D:7      | Found a flagged portal.
  7695 | Bailey   | Entered a bailey
  7701 | Bailey   | Learned a level 4 spell: Summon Lightning Spire
  7763 | Bailey   | Reached XP level 9. HP: 10/45 MP: 8/17
  8043 | Bailey   | HP: 2/45 [/static electricity (4)]
  8043 | Bailey   | Shot with a bolt by an orc

Illustrated notes

Levels and vault maps discovered:
D:1:      nicolae_arrival_somewhat_less_tricky_arrival, layout_basic,
          shapermc_ecumenical_altar_acropolis
D:2:      layout_loops_ring
D:3:      layout_loops_cross, minmay_quantized
D:4:      layout_loops_ring, minmay_strange_pillars, minivault_5
D:5:      layout_loops_corners, uniq_eustachio, uniq_blork_the_orc, uniq_edmund
D:6:      layout_cave_pods
D:7:      nzn_winding_woodlands_large [nzn_winding_woodlands_5x5_three,
          nzn_winding_woodlands_5x15_sidewinder,
          nzn_winding_woodlands_5x5_perimeter,
          nzn_winding_woodlands_center_triple_pond,
          nzn_winding_woodlands_15x15_five_gardens,
          nzn_winding_woodlands_center_diamonds,
          nzn_winding_woodlands_hourglass, nzn_winding_woodlands_5x15_garden,
          nzn_winding_woodlands_5x5_open_star], layout_basic,
          mainiacjoe_overflow_cross_hatched, minmay_temple_entry_gardened_gates,
          enter_bailey_2, grunt_ministairs_2
Temple:   mainiacjoe_temple_hex_bubbles
Bailey:   bailey_polearm_2, bailey

Skill      XL: |  1  2  3  4  5  6  7  8 |
---------------+-------------------------+-----
Conjurations   | 2 3 4 5 6 7 9 |  9.2
Air Magic      | 5 6 7 8 10 | 10.0
Spellcasting   | 3 4 |  4.7
Summonings     | 2 |  2.4
Dodging        | |  2.1
Stealth        | |  2.0

Action                   |  1- 3 |  4- 6 |  7- 9 || total
-------------------------+-------+-------+-------++-------
Melee: Unarmed           |     4 |       |       ||     4
       Quarterstaff      |     2 |       |       ||     2
       Kick              |     1 |       |     6 ||     7
       Hand axe          |     2 |     7 |    13 ||    22
       Dagger            |       |       |     1 ||     1
 Cast: Shock             |    93 |    41 |    51 ||   185
       Static Discharge  |     2 |    24 |    29 ||    55
       Swiftness         |       |     2 |     2 ||     4
       Airstrike         |       |       |    12 ||    12
       Summon Lightning  |       |       |     1 ||     1
  Use: Scroll            |       |    10 |     3 ||    13
       Potion            |       |       |     1 ||     1
 Stab: Sleeping          |       |     1 |     3 ||     4
Armor: Robe              |     5 |     6 |       ||    11
       Leather armour    |       |       |     5 ||     5
Dodge: Dodged            |    11 |    24 |    36 ||    71
